 Dungeon Crawl Stone Soup version 0.30-a0-567-gf7fd966b4a (webtiles) character file.

Game seed: 5426941142327991403

2716 MackTheKnife the Slicer (level 9, -5/47 HPs)
             Began as a Vine Stalker Berserker on Dec 28, 2022.
             Was an Elder of Trog.
             Slain by a troll (6 damage)
             ... on level 6 of the Dungeon.
             The game lasted 00:09:38 (5105 turns).

MackTheKnife the Slicer (Vine Stalker Berserker)    Turns: 5105, Time: 00:09:38

Health: -5/47      AC:  7    Str: 20    XL:     9   Next: 66%
Magic:  0/10       EV: 11    Int:  7    God:    Trog [****..]
Gold:   354        SH:  0    Dex: 18    Spells: 8/8 levels left

rFire   . . .      SeeInvis +    e - +1 dagger (freeze) {short}
rCold   . . .      Faith    .    (no shield)
rNeg    . . .      Spirit   +    x - +0 ring mail
rPois   +          Reflect  .    F - +0 helmet
rElec   .          Harm     .    C - -1 cloak "Surhiunk" {+Blink rPois rCorr SInv}
rCorr   +          Rampage  .    (no gloves)
Will    +....                    y - +0 pair of boots
Stlth   +++                      (no amulet)
HPRegen 1.07/turn                b - ring of resist corrosion
MPRegen 0.12/turn                (no ring)

@: on berserk cooldown
A: fangs 3, regeneration 1, magic shield, antimagic bite, no potion heal 2
a: Renounce Religion, Evoke Blink, Berserk, Trog's Hand, Brothers in Arms


You were on level 6 of the Dungeon.
You worshipped Trog.
Trog was greatly pleased with you.
You visited 1 branch of the dungeon, and saw 6 of its levels.

You collected 354 gold pieces.


Innate Abilities, Weirdness & Mutations

You have razor-sharp teeth.
Your natural rate of healing is unusually fast.
When hurt, damage is shared between your health and your magic reserves.
Your bite disrupts and absorbs the magic of your enemies.
Potions cannot restore your health.


   Skills:
 + Level 5.4 Fighting
 + Level 9.9 Short Blades
 - Level 1.5 Armour
 - Level 1.5 Dodging
 - Level 7.5 Stealth


You had 8 spell levels left.
You didn't know any spells.
Your spell library was empty.

Inventory:

Hand Weapons
 e - a +1 dagger of freezing (weapon) {short}
   (You found it on level 3 of the Dungeon)
Armour
 a - a +0 leather armour
   (You found it on level 3 of the Dungeon)
 c - a +0 chain mail
   (You found it on level 5 of the Dungeon)
 d - a +0 ring mail
   (You found it on level 5 of the Dungeon)
 o - a +0 chain mail
   (You found it on level 2 of the Dungeon)
 r - a +0 chain mail
   (You took it off an orc on level 3 of the Dungeon)
 s - a +0 robe
   (You took it off an orc wizard on level 3 of the Dungeon)
 u - a +0 robe
   (You took it off Sigmund on level 3 of the Dungeon)
 w - a +0 robe
   (You took it off a hobgoblin on level 3 of the Dungeon)
 x - a +0 ring mail (worn)
   (You found it on level 3 of the Dungeon)
 y - a +0 pair of boots (worn)
   (You found it on level 3 of the Dungeon)
 B - a +0 robe
   (You found it on level 4 of the Dungeon)
 C - the -1 cloak "Surhiunk" (worn) {+Blink rPois rCorr SInv}
   (You found it on level 4 of the Dungeon)

   rPois:     It protects you from poison.
   SInv:      It lets you see invisible.
   +Blink:    It lets you blink.
   rCorr:     It protects you from acid and corrosion.
 E - a +0 animal skin
   (You took it off Robin on level 4 of the Dungeon)
 F - a +0 helmet (worn)
   (You took it off Robin on level 4 of the Dungeon)
 G - a +0 leather armour
   (You found it on level 4 of the Dungeon)
 I - a +0 chain mail
   (You took it off an orc priest on level 4 of the Dungeon)
 J - a +0 scale mail
   (You took it off an orc on level 4 of the Dungeon)
 K - a +0 robe
   (You took it off an orc wizard on level 4 of the Dungeon)
 L - a +0 robe
   (You took it off an orc wizard on level 4 of the Dungeon)
 M - a +0 robe
   (You found it on level 5 of the Dungeon)
 N - a +0 robe
   (You took it off an orc wizard on level 5 of the Dungeon)
 O - a +0 robe
   (You took it off an orc wizard on level 5 of the Dungeon)
 R - a +2 robe of positive energy
   (You took it off Dowan on level 4 of the Dungeon)
 S - a +0 leather armour
   (You took it off Duvessa on level 4 of the Dungeon)
 T - a +0 ring mail
   (You took it off an orc on level 6 of the Dungeon)
Jewellery
 b - a ring of resist corrosion (left hand)
   (You found it on level 2 of the Dungeon)
 g - a ring of ice
   (You found it on level 1 of the Dungeon)
Wands
 P - a wand of flame (7)
   (You found it on level 5 of the Dungeon)
 Q - a wand of light (23)
   (You found it on level 5 of the Dungeon)
Scrolls
 h - a scroll of immolation {unknown}
 i - 2 scrolls of teleportation {unknown}
 j - a scroll of summoning {unknown}
 l - 2 scrolls of blinking {unknown}
 n - 2 scrolls of amnesia {unknown}
 t - 4 scrolls of enchant weapon {unknown}
 z - a scroll of silence {unknown}
 A - 2 scrolls of brand weapon {unknown}
 H - a scroll of fog {unknown}
Potions
 f - a potion of might
 k - 7 potions of curing {@q1}
 m - 4 potions of haste {unknown}
 p - 2 potions of lignification {unknown}
 q - a potion of berserk rage {unknown}
 v - 2 potions of brilliance {unknown}
 D - a potion of cancellation {unknown}

Dungeon Overview and Level Annotations

Branches:
Dungeon (6/15) Zot: 26750  Temple (0/1) D:5

Altars:
Cheibriados
Dithmenos
Elyvilon
Kikubaaqudgha
Qazlal

Shops:
D:4 : D:6

: ###########
##########..........#
........##..........#
........##...........
........###..........
.....................
.......@.............
......T..............
..............######
..............#
..............####
...................
#.........####.##..
#............)....
### .................


You could see a troll.


Message History

You regained 2 mp, and now have 8/10 mp.
You hit the boulder beetle but do no damage.
Your bite misses the boulder beetle.
You hit the boulder beetle but do no damage.
You bite the boulder beetle, but do no damage. 😮 HP[+1]
You hit the boulder beetle. You freeze the boulder beetle.
You bite the boulder beetle, but do no damage.
The boulder beetle bites you. 😮 HP[-4] MP[-1]
You take 4 damage, and now have 37/69 hp.
You lost 1 mp, and now have 7/10 mp.
You hit the boulder beetle but do no damage.
You hit the boulder beetle but do no damage.
You bite the boulder beetle!
You kill the boulder beetle!
Trog accepts your kill.
Your Fighting skill increases to level 5! 😮 HP[+1]
You now have 70 max hp (+1).
You start resting.
You are no longer berserk.
You are exhausted.
You feel yourself slow down. 😮 HP[-12]
You now have 47 max hp (-23).
You start resting. 😎 HP[+21] MP[+3]
Your hp is fully restored (47).
Your mp is fully restored (10).
Unknown command.
You start waiting.
You feel yourself speed up.
A troll comes into view.
A troll is nearby!
A troll is nearby!
The troll shouts!
That's the wrong kind of item! (Use * to select it.) Evoke which item? (* to show all) (? for menu, Esc to quit)
Okay, then.
Aiming: Throw Flame
Press: ? - help, Shift-Dir - straight line, f - troll
Aim: a troll (68% to hit)
The puff of flame hits the troll.
Aiming: Throw Flame
Press: ? - help, Shift-Dir - straight line, f/p - troll
Aim: a troll (lightly wounded, 68% to hit)
The puff of flame misses the troll.
Aiming: Throw Flame
Press: ? - help, Shift-Dir - straight line, f/p - troll
Aim: a troll (lightly wounded, 68% to hit)
The puff of flame hits the troll.
You hit the troll. You freeze the troll. You bite the troll.
You drain its power. The troll misses you. The troll barely misses you.
The troll claws you but does no damage.
You hit the troll. You freeze the troll. You bite the troll.
You drain its power. You hit the troll but do no damage.
Your punch misses the troll. You bite the troll. You drain its power.
The troll closely misses you. The troll claws you!
The troll completely misses you. 😕 HP[-10] MP[-2]
You take 10 damage, and now have 37/47 hp.
MASSIVE DAMAGE!! (PAUSE)
You lost 2 mp, and now have 8/10 mp.
You hit the troll but do no damage. Your bite misses the troll.
You completely miss the troll. Your bite misses the troll. The troll bites you!
The troll claws you but does no damage.
The troll closely misses you. 😮 HP[-11] MP[-2]
You take 11 damage, and now have 26/47 hp.
MASSIVE DAMAGE!! (PAUSE)
You lost 2 mp, and now have 6/10 mp.
You're still recovering from your berserk rage.
You hit the troll. You freeze the troll. You bite the troll.
You drain its power.
You feel invigorated. 😮 MP[+4]
Your mp is fully restored (10).
You hit the troll. You freeze the troll. You bite the troll!
You drain its power. The troll bites you.
* * * LOW HITPOINT WARNING * * *
The troll claws you.
* * * LOW HITPOINT WARNING * * *
The troll barely misses you. 😨 HP[-8] MP[-3]
You take 8 damage, and now have 18/47 hp.
You lost 3 mp, and now have 7/10 mp.
You hit the troll. You freeze the troll. You barely miss the troll.
The troll bites you!
* * * LOW HITPOINT WARNING * * *
The troll misses you.
The troll closely misses you. 😨 HP[-5] MP[-2]
You take 5 damage, and now have 13/47 hp.
You lost 2 mp, and now have 5/10 mp.
You're still recovering from your berserk rage.
You closely miss the troll. 😨 HP[+1]
You hit the troll but do no damage. The troll bites you!
* * * LOW HITPOINT WARNING * * *
The troll claws you!
* * * LOW HITPOINT WARNING * * *
The troll claws you.
You die...

Skill      XL: |  1  2  3  4  5  6  7  8  9 |
---------------+----------------------------+-----
Short Blades   | 3 4 5 7 8 9 |  9.9
Stealth        | 1 3 6 7 |  7.5
Fighting       | 3 5 |  5.4
Armour         | |  1.5
Dodging        | |  1.5

Action                   |  1- 3 |  4- 6 |  7- 9 || total
-------------------------+-------+-------+-------++-------
Melee: Short sword       |    99 |   100 |       ||   199
       Bite              |    31 |    29 |   108 ||   168
       Punch             |     2 |       |     3 ||     5
       Dagger            |       |       |   343 ||   343
Throw: Stone             |       |     3 |       ||     3
Invok: Berserk           |     2 |     3 |     6 ||    11
       Trog's Hand       |       |     1 |     1 ||     2
Evoke: Wand              |       |       |     4 ||     4
  Use: Scroll            |       |       |     5 ||     5
 Stab: Sleeping          |       |     1 |     8 ||     9
       Distracted        |       |       |     1 ||     1
Armor: Animal skin       |    14 |       |       ||    14
       Chain mail        |     5 |    44 |       ||    49
       Ring mail         |       |     2 |    78 ||    80
Dodge: Dodged            |    43 |    25 |   139 ||   207

Levels and vault maps discovered:
D:1:      minmay_arrival_solitary_statue, layout_rooms,
          hellmonk_ecumenical_altar_leap_of_faith
D:2:      layout_loops_ring, basic_altar
D:3:      layout_basic, mainiacjoe_overflow_surrounded_room, uniq_grinder,
          uniq_sigmund
D:4:      layout_basic, grunt_dithmenos_smoke, serial_rivers,
          chequers_serial_rivers_micro_a, chequers_serial_rivers_micro_a,
          chequers_serial_rivers_marsh, chequers_serial_rivers_micro_a,
          chequers_serial_rivers_marsh, chequers_serial_rivers_large_b,
          nicolae_shop_i_like_big_books, minmay_fractal_squares_gapless_5,
          uniq_robin, uniq_duvessa
D:5:      minmay_razor_zed, layout_gridville, mainiacjoe_overflow_tiny_flanked,
          minmay_temple_entry_large_hall, minmay_misc_feat_nine_boxes
D:6:      layout_basic, nicolae_ru_great_annihilating_truth,
          nicolae_overflow_hidden_temple, grunt_temple_overflow_open,
          serial_shops, nicolae_lakefront_shop, reono_crystal_passage

Notes
Turn   | Place    | Note
-------+----------+-------------------------------------------
     0 | D:1      | MackTheKnife the Vine Stalker Berserker began the quest for
                  | the Orb.
     0 | D:1      | Reached XP level 1. HP: 11/11 MP: 2/2
     0 | D:1      | magus.rc [v1.9.6]
    45 | D:1      | Reached skill level 3 in Short Blades
    48 | D:1      | Reached XP level 2. HP: 11/16 MP: 1/3
   357 | D:1      | Found a faded altar of an unknown god.
   400 | D:1      | Reached XP level 3. HP: 11/19 MP: 2/4
   434 | D:1      | You fall into a shaft and drop 1 floor!
   434 | D:2      | Found a stormy altar of Qazlal.
   719 | D:2      | Reached ** piety under Trog
   854 | D:2      | Reached skill level 4 in Short Blades
   908 | D:2      | Reached skill level 1 in Stealth
   908 | D:2      | Gained mutation: Your natural rate of healing is unusually
                  | fast. [Vine Stalker growth]
   908 | D:2      | Reached XP level 4. HP: 20/23 MP: 5/5
  1098 | D:2      | Reached skill level 2 in Stealth
  1454 | D:3      | Noticed Sigmund
  1528 | D:3      | Reached skill level 3 in Stealth
  1528 | D:3      | Reached XP level 5. HP: 27/27 MP: 6/6
  1544 | D:3      | Killed Sigmund
  1545 | D:3      | Reached skill level 6 in Stealth
  1545 | D:3      | Reached XP level 6. HP: 32/32 MP: 5/7
  1713 | D:3      | Found an ancient bone altar of Kikubaaqudgha.
  1810 | D:3      | Noticed Grinder
  1832 | D:3      | Killed Grinder
  1833 | D:3      | Reached skill level 5 in Short Blades
  1833 | D:3      | Reached XP level 7. HP: 19/35 MP: 5/8
  2470 | D:4      | Reached skill level 6 in Short Blades
  2504 | D:4      | Identified the -1 cloak "Surhiunk" {+Blink rPois rCorr
                  | SInv}
  2537 | D:4      | Noticed Robin
  2575 | D:4      | Killed Robin
  2584 | D:4      | Reached *** piety under Trog
  2630 | D:4      | Noticed Dowan
  2808 | D:4      | Found a shadowy altar of Dithmenos.
  2997 | D:4      | Reached skill level 7 in Short Blades
  3041 | D:4      | Gained mutation: You have razor-sharp teeth. [Vine Stalker
                  | growth]
  3041 | D:4      | Reached XP level 8. HP: 39/39 MP: 6/9
  3300 | D:4      | Reached skill level 8 in Short Blades
  3307 | D:4      | Found Sustrorau's Tremendous Tomes.
  3614 | D:5      | Entered Level 5 of the Dungeon
  3623 | D:5      | Found a staircase to the Ecumenical Temple.
  3778 | D:5      | Reached skill level 7 in Stealth
  3934 | D:5      | Found a snail-covered altar of Cheibriados.
  4061 | D:5      | Reached skill level 3 in Fighting
  4353 | D:5      | Reached XP level 9. HP: 44/44 MP: 10/10
  4427 | D:5      | Reached skill level 9 in Short Blades
  4605 | D:5      | Reached skill level 4 in Fighting
  4781 | D:4      | Noticed Duvessa
  4793 | D:4      | Killed Duvessa
  4796 | D:4      | Killed Dowan
  4796 | D:4      | Reached **** piety under Trog
  4845 | D:6      | Found Qobroc's Book Shoppe.
  4974 | D:6      | Found a white marble altar of Elyvilon.
  5028 | D:6      | Noticed a boulder beetle
  5054 | D:6      | Killed a boulder beetle
  5055 | D:6      | Reached skill level 5 in Fighting
  5089 | D:6      | Noticed a troll
  5105 | D:6      | HP: 7/47 [troll (7)]
  5105 | D:6      | HP: 1/47 [troll (6)]
  5105 | D:6      | Slain by a troll

Vanquished Creatures
  A boulder beetle (D:6)
  Grinder (D:3)
  Sigmund (D:3)
  A water moccasin (D:5)
  Duvessa (D:4)
  A black bear (D:5)
  2 ogres (D:5)
  2 bullfrogs
  4 scorpions
  3 necrophages
  Dowan (D:4)
  A howler monkey (D:4)
  2 jellies
  3 orc priests
  3 hounds
  2 iguanas
  5 orc wizards
  Robin (D:4)
  12 adders
  6 gnolls
  4 ufetubi
  2 worms
  4 dart slugs
  13 orcs
  5 bats
  8 endoplasms
  3 giant cockroaches
  16 goblins
  10 hobgoblins
  11 kobolds
  3 quokkas (D:1)
  7 ball pythons
  A frilled lizard (D:2)
  9 rats
149 creatures vanquished.

Table legend:
 A = Non-vault XP
 B = Vault XP
 C = Vault XP percentage of total XP
 D = Non-vault monster count
 E = Vault monster count
 F = Vault count percentage of total count
                 A         B        C        D         E       F
            +---------+---------+-------+---------+---------+-------
      Total |    2577 |    1304 |  33.6 |     118 |      31 |  20.8
            +---------+---------+-------+---------+---------+-------
        D:1 |      36 |       0 |   0.0 |      22 |       0 |   0.0
        D:2 |      81 |       0 |   0.0 |      20 |       0 |   0.0
        D:3 |     100 |     476 |  82.6 |      21 |       2 |   8.7
        D:4 |     812 |     214 |  20.9 |      31 |      19 |  38.0
        D:5 |     606 |     614 |  50.3 |      17 |      10 |  37.0
        D:6 |     942 |       0 |   0.0 |       7 |       0 |   0.0
            +---------+---------+-------+---------+---------+-------

Illustrated notes

Table legend:
 A = Kills in this place as a percentage of kills in entire the game.
 B = Kills by you in this place as a percentage of kills by you in the entire game.
 C = Kills by friends in this place as a percentage of kills by friends in the entire game.
 D = Other kills in this place as a percentage of other kills in the entire game.
 E = Experience gained in this place as a percentage of experience gained in the entire game.
 F = Experience gained in this place divided by the number of levels of this place that you have seen.
                   A       B       C       D       E      F
               +-------+-------+-------+-------+-------+----------------------
         Total | 100.0 | 100.0 |   N/A |   N/A | 100.0 | 646.8
       Dungeon | 100.0 | 100.0 |   N/A |   N/A | 100.0 | 646.8
               +-------+-------+-------+-------+-------+----------------------

Table legend: (Time is in decaauts)
 A = Elapsed time spent in this place.
 B = Non-inter-level travel time spent in this place.
 C = Inter-level travel time spent in this place.
 D = Time resting spent in this place.
 E = Time spent auto-exploring this place.
 F = Levels seen in this place.
 G = Mean time per level.
                   A        B        C        D        E       F      G
               +--------+--------+--------+--------+--------+-----+--------+
         Total |   5095 |   4921 |    174 |    228 |   3594 |   6 |  849.2 |
       Dungeon |   5095 |   4921 |    174 |    228 |   3594 |   6 |  849.2 |
               +--------+--------+--------+--------+--------+-----+--------+

Top non-repeatable levels by time:
     D:4: 1453 daAuts
     D:5: 1111 daAuts
     D:3: 921 daAuts
     D:2: 760 daAuts
     D:1: 599 daAuts
     D:6: 249 daAuts
